AoeStats
← die trying

Arabia

506710411Analyzed
1v1 RM · 17d ago on Sep 14, 2026· 65m 30s· 2 players
Game mode
Random Map
Map size
Tiny (2 player)
Population
200
Speed
Normal
Resources
Standard
Victory
Conquest
Starting age
Dark Age
Ending age
Imperial Age
RankedLock teamsTeams togetherTeam positionsShared explorationLock speedFull tech treeHidden civsTurbo modeCheats
Victory
Defeat
🇸🇪 Maya · Sweden
1945
+13
🇨🇱 Wei · Chile
1881
-13
die trying
5:51 Loom
8:30 Feudal Age
8:19 Loom
9:37 Double-Bit Axe
13:08 Padded Archer Armor
13:20 Horse Collar
14:11 Fletching
21:14 Castle Age
19:39 Gold Mining
21:08 Bloodlines
22:08 Thumb Ring
22:01 Bodkin Arrow
25:24 Husbandry
26:19 Leather Archer Armor
26:29 Ballistics
26:30 Town Watch
28:54 Bow Saw
28:35 Stone Mining
29:51 Stone Shaft Mining
33:47 Imperial Age
36:09 Chemistry
36:59 Parthian Tactics
36:17 Elite Skirmisher
38:35 Bracer
39:39 Scale Barding Armor
40:22 Heavy Plow
40:01 Light Cavalry
42:35 Conscription
42:33 Heavy Hei Guang Cavalry
44:28 Wheelbarrow
44:22 Forging
47:02 Chain Barding Armor
47:14 Ring Archer Armor
47:48 Elite Tiger Cavalry
49:05 Iron Casting
55:23 Blast Furnace
57:19 Capped Ram
59:12 Heavy Scorpion
59:55 Heavy Scorpion
63:54 Hussar
Puttsson
0:25 Loom
8:53 Feudal Age
9:54 Double-Bit Axe
17:31 Castle Age
15:34 Stone Mining
15:36 Horse Collar
15:54 Fletching
16:40 Padded Archer Armor
16:45 Gold Mining
18:35 Bow Saw
18:38 Bodkin Arrow
20:47 Leather Archer Armor
25:49 Wheelbarrow
26:28 Ballistics
31:57 Heavy Plow
32:46 Thumb Ring
36:25 Imperial Age
33:41 Elite Skirmisher
34:52 Masonry
37:08 Bracer
38:09 Chemistry
37:34 Conscription
38:42 Ring Archer Armor
39:30 Hul'che Javelineers
42:47 Squires
42:09 Eagle Warrior
42:51 Scale Mail Armor
43:01 Forging
44:28 Two-Man Saw
45:16 Holcans
44:52 Elite Eagle Warrior
46:07 Chain Mail Armor
47:08 Elite Plumed Archer
48:38 Plate Mail Armor
48:43 Iron Casting
48:11 Arson
51:54 Blast Furnace
50:37 Pikeman
52:26 Hoardings
52:22 Architecture
51:22 Man-at-Arms
51:22 Halberdier
58:12 Crop Rotation
57:48 Treadmill Crane
Connection lost

Rejoining the realm…

Still unreachable

The connection could not be restored.

Session expired

The server has moved on; the page needs a fresh start.